 Dungeon Sprint DCSS version 0.21-a0-41-g5e91fef (webtiles) character file.

1211 Kidiri the Thaumaturge (level 8, -8/49 HPs)
             Began as a Deep Elf Fire Elementalist on June 3, 2017.
             Was a Believer of Vehumet.
             Mangled by Snorg (14 damage)
             ... in the Dungeon (Sprint III: "The Ten Rune Challenge").
             The game lasted 00:05:20 (1125 turns).

Kidiri the Thaumaturge (Deep Elf Fire Elementalist) Turns: 1125, Time: 00:05:21

Health: -8/49      AC:  2    Str:  5    XL:     8   Next: 22%
Magic:  3/23       EV: 18    Int: 25    God:    Vehumet [**....]
Gold:   44         SH:  0    Dex: 15    Spells: 13/31 levels left

rFire    . . .     SeeInvis .   l - +0 dagger
rCold    . . .     Gourm    .   (no shield)
rNeg     . . .     Faith    .   a - +0 robe
rPois    .         Spirit   .   (no helmet)
rElec    .         Reflect  .   (no cloak)
rCorr    .         Harm     .   (no gloves)
MR       .....     NoTele   +   (no boots)
Stlth    ++........             (no amulet)
Regen    0.2/turn               (no ring)
MPRegen  0.2/turn               (no ring)

@: hasted, very quick
A: clever 1, low mp 1
a: Renounce Religion


You were in the Dungeon.
You worshipped Vehumet.
Vehumet was pleased with you.
You were not hungry.

You visited 1 branch You collected 44 gold pieces.

Inventory:

Hand Weapons
 l - a +0 dagger (weapon)
Armour
 a - a +0 robe (worn)
Scrolls
 j - 2 scrolls of immolation
 n - 4 scrolls of remove curse
 q - a scroll of torment
Potions
 d - 2 potions of curing
 g - 2 potions of magic
 h - a potion of berserk rage
 o - 2 potions of resistance
 p - 3 potions of flight
Comestibles
 b - a chunk of flesh
 c - 2 bread rations
 r - 2 royal jellies


   Skills:
 + Level 5.2 Fighting
 + Level 5.1 Short Blades
 + Level 5.2 Armour
 + Level 8.4 Dodging
 - Level 2.4 Stealth
 * Level 12.4 Spellcasting
 + Level 7.2 Conjurations
 + Level 7.9 Fire Magic


You had 13 spell levels left.
You knew the following spells:

 Your Spells              Type           Power        Failure   Level  Hunger
a - Flame Tongue          Conj/Fire      #####        1%          1    None
b - Throw Flame           Conj/Fire      ######       1%          2    None
c - Conjure Flame         Conj/Fire      ######..     1%          3    None
d - Inner Flame           Hex/Fire       #####...     2%          3    None
e - Sticky Flame          Conj/Fire      ######..     1%          4    None
f - Fireball              Conj/Fire      ######....   4%          5    ###....


Dungeon Overview and Level Annotations

Branches:
Dungeon (1/1)

Altars:
Cheibriados
Dithmenos
Elyvilon
Fedhas
Gozag
Hepliaklqana
Kikubaaqudgha
Makhleb
Nemelex Xobeh
Okawaru
Qazlal
Ru
Sif Muna
Trog
Uskayaw
Vehumet
Wu Jian
Xom
Yredelemnul
Zin
The Shining One
Beogh
Jiyva
Lugonu

Annotations:
D Snorg


Innate Abilities, Weirdness & Mutations

Your mind is acute. (Int +2)
Your magical capacity is low. (-10% MP)


Message History

Snorg burns!
There is an open door here.
Snorg burns!
Things that are here:
a dagger; a robe Snorg burns!
Snorg burns!
Snorg stops burning.
You feel much better. Snorg closely misses you. Snorg claws you.
* * * LOW HITPOINT WARNING * * *
Snorg claws you.
* * * LOW HITPOINT WARNING * * *
Casting: Sticky Flame
Confirm with . or Enter, or press ? or * to list all spells.
Aiming: Sticky Flame
Press: ? - help, Shift-Dir - straight line, f/p - Snorg
Aim: Snorg (almost dead, berserk, fast, unusually strong)
The sticky flame hits Snorg.
Snorg is almost dead.
Snorg is covered in liquid flames!
Snorg misses you. x2; Snorg claws you!
You die...

▓▓ ▓▓▓ .#### ##.############
....#####..#___#___#__#
.....#..#..#)..#__.#._#
##...#..#..###+#+###+##
###..##+#..#..........#
.##..###...'.⌠..@T.)..#
##.[####...#...######'#
##..###....#.⌠.#__#...#+#####
#...##.....#...#__#...#..≈≈≈+
....#......#+###__#...#.#§§§#
..##.#.....#...#__#...'.#..§#
..#####....#___#__+...#.#§..#
▓▓▓ ▓▓▓▓▓▓▓▓▓▓▓▓▓▓▓▓▓▓▓▓▓▓▓


You could see Snorg (berserk).

Vanquished Creatures
  A deep elf mage (D)
  A shadow (D)
  A spatial vortex (D)
  A necrophage (D)
  A water elemental (D)
  A jelly (D)
  A wizard (D)
  Jessica (D)
  A necromancer (D)
  A kobold demonologist (D)
  3 humans (D)
  A phantom (D)
  3 rats (D)
17 creatures vanquished.

Vanquished Creatures (others)
  2 draconian scorchers (D)
  6 hellions (D)
  2 yaktaurs (D)
10 creatures vanquished.

Grand Total: 27 creatures vanquished

Notes
Turn   | Place    | Note
-------+----------+-------------------------------------------
     0 | D        | Kidiri the Deep Elf Fire Elementalist began the quest for the Orb.
     0 | D        | Reached XP level 1. HP: 10/10 MP: 6/6
    49 | D        | Noticed Jessica
    51 | D        | Killed a yaktaur
    54 | D        | Killed Jessica
    54 | D        | Reached skill level 1 in Fighting
    54 | D        | Reached skill level 1 in Armour
    54 | D        | Reached skill level 5 in Spellcasting
    54 | D        | Reached XP level 2. HP: 16/16 MP: 2/10
    82 | D        | Learned a level 2 spell: Throw Flame
   104 | D        | Killed a hellion
   105 | D        | Killed a hellion
   108 | D        | Killed a hellion
   109 | D        | Killed a hellion
   127 | D        | Reached XP level 3. HP: 6/21 MP: 2/12
   132 | D        | Learned a level 3 spell: Conjure Flame
   136 | D        | Learned a level 3 spell: Inner Flame
   163 | D        | Killed a white draconian scorcher
   211 | D        | Killed a hellion
   252 | D        | Killed a hellion
   293 | D        | Killed a white draconian scorcher
   366 | D        | Gained mutation: Your skin changes colour to match your surroundings (Stealth+). [potion of mutation]
   366 | D        | Gained mutation: You are robust. (+10% HP) [potion of mutation]
   366 | D        | Gained mutation: You are very robust. (+20% HP) [potion of mutation]
   367 | D        | Lost mutation: You are very robust. (+20% HP) [potion of mutation]
   367 | D        | Lost mutation: You are robust. (+10% HP) [potion of mutation]
   367 | D        | Lost mutation: Your skin changes colour to match your surroundings (Stealth+). [potion of mutation]
   367 | D        | Gained mutation: Your magical capacity is low. (-10% MP) [potion of mutation]
   367 | D        | Gained mutation: You have a pair of small horns on your head. [potion of mutation]
   368 | D        | Lost mutation: Your magical capacity is low. (-10% MP) [potion of mutation]
   368 | D        | Lost mutation: You have a pair of small horns on your head. [potion of mutation]
   368 | D        | Gained mutation: Scrolls take you a little longer to read. [potion of mutation]
   368 | D        | Gained mutation: You are resistant to hostile enchantments. (MR+) [potion of mutation]
   368 | D        | Gained mutation: You are partially covered in rugged brown scales. (AC +1, +3% HP) [potion of mutation]
   368 | D        | Gained mutation: You are agile. (Dex +2) [potion of mutation]
   369 | D        | Lost mutation: Scrolls take you a little longer to read. [potion of mutation]
   369 | D        | Lost mutation: You are agile. (Dex +2) [potion of mutation]
   369 | D        | Lost mutation: You are partially covered in rugged brown scales. (AC +1, +3% HP) [potion of mutation]
   369 | D        | Lost mutation: You are resistant to hostile enchantments. (MR+) [potion of mutation]
   369 | D        | Gained mutation: Your magical capacity is low. (-10% MP) [potion of mutation]
   369 | D        | Gained mutation: Your mind is acute. (Int +2) [potion of mutation]
   379 | D        | Noticed a water elemental
   389 | D        | Killed a water elemental
   389 | D        | Reached skill level 7 in Spellcasting
   389 | D        | Reached skill level 5 in Fire Magic
   389 | D        | Reached XP level 4. HP: 18/27 MP: 5/13
   395 | D        | Learned a level 4 spell: Sticky Flame
   429 | D        | Killed a yaktaur
   494 | D        | Found a radiant altar of Vehumet.
   495 | D        | Noticed a wizard
   496 | D        | Killed a wizard
   496 | D        | Reached skill level 5 in Dodging
   497 | D        | Found a deep blue altar of Sif Muna.
   497 | D        | Found an ancient bone altar of Kikubaaqudgha.
   501 | D        | Reached skill level 8 in Spellcasting
   501 | D        | Reached XP level 5. HP: 26/32 MP: 2/16
   513 | D        | Became a worshipper of Vehumet
   520 | D        | Learned a level 5 spell: Fireball
   594 | D        | Found a glowing silver altar of Zin.
   595 | D        | Found a glowing golden altar of the Shining One.
   595 | D        | Found a white marble altar of Elyvilon.
   595 | D        | Noticed a deep elf mage
   616 | D        | Killed a deep elf mage
   616 | D        | Reached skill level 10 in Spellcasting
   616 | D        | Reached XP level 6. HP: 34/38 MP: 9/19
   616 | D        | Reached XP level 7. HP: 39/43 MP: 9/21
   688 | D        | Found an ornate altar of the Wu Jian Council.
   688 | D        | Found a roughly hewn altar of Beogh.
   688 | D        | Found an iron altar of Okawaru.
   688 | D        | Found a bloodstained altar of Trog.
   688 | D        | Found a hide-covered altar of Uskayaw.
   688 | D        | Noticed a human
   692 | D        | Noticed a human
   697 | D        | Killed a human
   697 | D        | Reached skill level 11 in Spellcasting
   699 | D        | Killed a human
   699 | D        | Reached * piety under Vehumet
   699 | D        | Offered knowledge of Sandblast by Vehumet.
   891 | D        | Found a basalt altar of Yredelemnul.
   891 | D        | Found a shadowy altar of Dithmenos.
   891 | D        | Found a sacrificial altar of Ru.
   915 | D        | Noticed a shadow
   917 | D        | Reached ** piety under Vehumet
   917 | D        | Offered knowledge of Freeze by Vehumet.
   917 | D        | Reached skill level 5 in Fighting
   917 | D        | Reached skill level 5 in Armour
   920 | D        | Killed a shadow
   920 | D        | Reached skill level 12 in Spellcasting
   920 | D        | Reached XP level 8. HP: 49/49 MP: 12/23
   981 | D        | Found a blossoming altar of Fedhas.
   981 | D        | Found a stormy altar of Qazlal.
   981 | D        | Found a snail-covered altar of Cheibriados.
   981 | D        | Found a burning altar of Makhleb.
   981 | D        | Found a shimmering altar of Xom.
   982 | D        | Found a hazy altar of Hepliaklqana.
   982 | D        | Found an opulent altar of Gozag.
   982 | D        | Found a sparkling altar of Nemelex Xobeh.
   982 | D        | Found a corrupted altar of Lugonu.
   982 | D        | Found a viscous altar of Jiyva.
  1003 | D        | Reached skill level 5 in Short Blades
  1108 | D        | Noticed Snorg
  1117 | D        | HP: 2/49 [Snorg (7)]
  1125 | D        | Mangled by Snorg

Vault maps used:
D:        dungeon_sprint_mu

Skill      XL: |  1  2  3  4  5  6  7  8 |
---------------+-------------------------+-----
Fighting       | 1 2 4 5 |  5.2
Armour         | 1 2 4 5 |  5.2
Dodging        | 3 4 5 7 8 |  8.4
Spellcasting   | 5 7 8 10 12 | 12.4
Conjurations   | 2 3 4 6 7 |  7.2
Fire Magic     | 4 5 6 7 |  7.9
Short Blades   | 3 4 5 |  5.1
Stealth        | |  2.4

Action                   |  1- 3 |  4- 6 |  7- 9 || total
-------------------------+-------+-------+-------++-------
 Cast: Flame Tongue      |    20 |     5 |    38 ||    63
       Throw Flame       |     1 |       |       ||     1
       Conjure Flame     |     1 |       |     2 ||     3
       Sticky Flame      |       |     4 |     4 ||     8
       Inner Flame       |       |       |     1 ||     1
       Fireball          |       |       |     2 ||     2
  Use: Potion            |     4 |       |     2 ||     6
       Scroll            |     4 |       |       ||     4
  Eat: Chunk             |       |       |     1 ||     1
Dodge: Dodged            |     4 |     2 |    12 ||    18
